 Dungeon Crawl Stone Soup version 0.23-a0-49-gd9f7a49 (webtiles) character file.

289 Gruud the Insei (level 6, -11/41 HPs)
             Began as a Demonspawn Necromancer on Aug 6, 2018.
             Was an Initiate of Makhleb.
             Mangled by a wight
             ... wielding a cursed +3 scimitar
              (15 damage)
             ... on level 3 of the Dungeon.
             The game lasted 00:12:32 (3232 turns).

Gruud the Insei (Demonspawn Necromancer)            Turns: 3232, Time: 00:12:33

Health: -11/41     AC:  3    Str: 10    XL:     6   Next: 9%
Magic:  9/9        EV: 19    Int: 16    God:    Makhleb [......]
Gold:   129        SH:  0    Dex: 19    Spells: 1/9 levels left

rFire    . . .     SeeInvis .   a - +4 mace
rCold    . . .     Gourm    .   (no shield)
rNeg     + . .     Faith    .   g - +0 robe
rPois    .         Spirit   .   m - +0 helmet
rElec    .         Reflect  .   (no cloak)
rCorr    .         Harm     .   (no gloves)
MR       .....                  (no boots)
Stlth    +++.......             (no amulet)
HPRegen  0.13/turn              f - ring of flight
MPRegen  0.11/turn              j - ring of positive energy

@: agile, flying, drained
A: claws 1, repulsion field 1, spiny 1
a: Renounce Religion


You were on level 3 of the Dungeon.
You worshipped Makhleb.
Makhleb was noncommittal.
You were not hungry.

You visited 1 branch of the dungeon, and saw 3 of its levels.

You collected 129 gold pieces.

Inventory:

Hand Weapons
 a - a +4 mace (weapon)
Missiles
 k - 146 stones
 p - 3 steel javelins (quivered)
Armour
 g - a +0 robe (worn)
 m - a +0 helmet (worn)
 n - a +0 scale mail
Jewellery
 f - a ring of flight (left claw)
 j - a ring of positive energy (right claw)
Wands
 r - a wand of clouds (5)
Scrolls
 d - a scroll of remove curse {unknown}
 o - a scroll of teleportation {unknown}
 s - a scroll of enchant armour {unknown}
Potions
 b - a potion of might
 e - a potion of cancellation
Comestibles
 c - 3 rations
 q - a chunk of flesh


   Skills:
 - Level 1.7(1.4) Dodging
 - Level 1.7(1.4) Stealth
 * Level 5.1(4.8) Unarmed Combat
 - Level 2.0(1.6) Spellcasting
 - Level 5.0(4.6) Necromancy


You had one spell level left.
You knew the following spells:

 Your Spells              Type           Power        Failure   Level  Hunger
a - Pain                  Necr           ###.         3%          1    ##.....
b - Animate Skeleton      Necr           N/A          3%          1    ##.....
c - Vampiric Draining     Necr           ###.......   10%         3    ####...
d - Regeneration          Chrm/Necr      #.........   24%         3    ####...

Your spell library contained the following spells:

 Spells                   Type           Power        Failure   Level  Hunger
 Animate Dead             Necr           N/A          32%         4    #####..


Dungeon Overview and Level Annotations

Branches:
Dungeon (3/15)

Altars:
Ashenzari
Kikubaaqudgha
Makhleb
Okawaru
Ru
Wu Jian
Xom
The Shining One


Innate Abilities, Weirdness & Mutations

You have sharp fingernails.
You are surrounded by a mild repulsion field. (EV +2)
You are partially covered in sharp spines.


Message History

The wight is moderately damaged.
The wight closely misses you.
You barely miss the wight.
The wight is moderately damaged.
The wight hits you with an enchanted scimitar!
* * * LOW HITPOINT WARNING * * *
You partially resist.
You feel drained.
You barely miss the wight.
The wight is moderately damaged.
The wight misses you. The wight is struck by your spines.
The wight hits you with an enchanted scimitar!
* * * LOW HITPOINT WARNING * * *
You partially resist.
You feel drained.
It was a potion of agility.
You feel agile all of a sudden.
It was a potion of flight.
You feel very buoyant.
You fly up into the air.
The wight is struck by your spines.
The wight hits you with an enchanted scimitar!
You die...

######z #...... ## ###..?zz..
#....# # #...# #....# # #.###
###....# #####.# #...(..#
......### #....).# ........####
#......#
#######....########......########
####...((z@................
########################


You could see a wight.

Vanquished Creatures
  2 centaurs (D:3)
  A wight (D:3)
  Robin (D:2)
  An adder (D:3)
  A worm (D:3)
  2 dart slugs (D:3)
  A leopard gecko (D:3)
  3 orcs
  A ball python (D:2)
  A giant cockroach (D:3)
  13 goblins
  11 hobgoblins
  4 jackals (D:2)
  A quokka (D:3)
  7 bats
  2 frilled lizards
  5 kobolds
  4 rats
61 creatures vanquished.

Vanquished Creatures (collateral kills)
  A goblin (D:2)
  A kobold (D:1)
  A rat (D:1)
3 creatures vanquished.

Grand Total: 64 creatures vanquished

Notes
Turn   | Place    | Note
-------+----------+-------------------------------------------
     0 | D:1      | Gruud the Demonspawn Necromancer began the quest for the Orb.
     0 | D:1      | Reached XP level 1. HP: 13/13 MP: 3/3
     4 | D:1      | Learned a level 1 spell: Animate Skeleton
   242 | D:1      | Gained mutation: You have sharp fingernails. [demonic ancestry]
   242 | D:1      | Reached XP level 2. HP: 3/19 MP: 0/5
   977 | D:1      | Reached skill level 5 in Necromancy
  1547 | D:2      | Noticed Robin
  1550 | D:2      | Reached skill level 1 in Unarmed Combat
  1947 | D:2      | Found a shattered altar of Ashenzari.
  1961 | D:2      | Gained mutation: You are surrounded by a mild repulsion field. (EV +2) [demonic ancestry]
  1961 | D:2      | Reached XP level 3. HP: 15/24 MP: 0/6
  2004 | D:1      | Learned a level 3 spell: Vampiric Draining
  2039 | D:2      | Killed Robin
  2421 | D:2      | Found an ornate altar of the Wu Jian Council.
  2423 | D:2      | Found a sacrificial altar of Ru.
  2426 | D:2      | Found a glowing golden altar of the Shining One.
  2427 | D:2      | Found a burning altar of Makhleb.
  2427 | D:2      | Found a shattered altar of Ashenzari.
  2427 | D:2      | Found an iron altar of Okawaru.
  2427 | D:2      | Found an ancient bone altar of Kikubaaqudgha.
  2428 | D:2      | Found a shimmering altar of Xom.
  2437 | D:2      | Became a worshipper of Makhleb the Destroyer
  2474 | D:3      | Noticed a centaur
  2521 | D:3      | Noticed a centaur
  2678 | D:3      | Gained mutation: You are partially covered in sharp spines. [demonic ancestry]
  2678 | D:3      | Reached XP level 4. HP: 22/30 MP: 7/7
  2727 | D:3      | Killed a centaur
  2727 | D:3      | Reached XP level 5. HP: 23/35 MP: 1/8
  2757 | D:3      | Killed a centaur
  3180 | D:3      | Learned a level 3 spell: Regeneration
  3224 | D:3      | Reached skill level 5 in Unarmed Combat
  3224 | D:3      | Reached XP level 6. HP: 21/41 MP: 9/9
  3232 | D:3      | Mangled by a wight

Vault maps used:
D:1:      elethiomel_arrival_infinity_welcomes_careful_drivers
D:2:      minitemple, first_ration, eino_tiny_chamber, evilmike_ruin_ashenzari,
          uniq_robin

Skill      XL: |  1  2  3  4  5 |
---------------+----------------+-----
Necromancy     | 5 |  5.0
Unarmed Combat | 1 2 3 5 |  5.1
Dodging        | |  1.7
Stealth        | |  1.7
Spellcasting   | |  2.0

Action                   |  1- 3 |  4- 6 || total
-------------------------+-------+-------++-------
Melee: Mace              |    62 |    27 ||    89
       Punch             |     1 |       ||     1
Throw: Javelin           |       |     2 ||     2
 Cast: Pain              |    38 |     4 ||    42
       Animate Skeleton  |    11 |     1 ||    12
       Vampiric Draining |     4 |     3 ||     7
  Use: Scroll            |       |     2 ||     2
       Potion            |       |     2 ||     2
 Stab: Sleeping          |     1 |     1 ||     2
  Eat: Chunk             |     7 |     2 ||     9
Armor: Robe              |    13 |     3 ||    16
Dodge: Dodged            |    62 |    20 ||    82

Table legend:
 A = Spawn XP
 B = Non-spawn XP
 C = Spawn XP percentage of total XP
 D = Spawn monster count
 E = Non-spawn monster count
 F = Spawn count percentage of total count
 G = Total turns spent on level
                    A         B        C        D         E        F      G
               +---------+---------+-------+---------+---------+-------+---------
         Total |       0 |     414 |   0.0 |       0 |      64 |   0.0 |  3232
               +---------+---------+-------+---------+---------+-------+---------
           D:1 |       0 |      22 |   0.0 |       0 |      16 |   0.0 |  1589
           D:2 |       0 |      53 |   0.0 |       0 |      24 |   0.0 |  1203
           D:3 |       0 |     339 |   0.0 |       0 |      24 |   0.0 |   440
               +---------+---------+-------+---------+---------+-------+---------
